 Dungeon Crawl Stone Soup version 0.21.1-1-g345015f (webtiles) character file.

746 tkdonut the Chopper (level 7, 0/60 HPs)
             Began as a Hill Orc Fighter on June 29, 2018.
             Was an Initiate of Beogh.
             Killed by divine providence
             ... invoked by an orc priest
              (9 damage)
             ... on level 4 of the Dungeon.
             The game lasted 00:16:20 (4047 turns).

tkdonut the Chopper (Hill Orc Fighter)              Turns: 4047, Time: 00:16:21

Health: 0/60       AC:  8    Str: 21    XL:     7   Next: 77%
Magic:  7/7        EV:  9    Int:  8    God:    Beogh [......]
Gold:   209        SH: 10    Dex: 10    Spells: 6/6 levels left

rFire    . . .     SeeInvis +   a - +0 war axe
rCold    + . .     Gourm    .   c - +0 shield
rNeg     . . .     Faith    .   v - +2 ring mail {rC+}
rPois    .         Spirit   .   (no helmet)
rElec    .         Reflect  .   (no cloak)
rCorr    .         Harm     .   (no gloves)
MR       .....                  (no boots)
Stlth    +.........             (no amulet)
HPRegen  0.20/turn              j - ring of see invisible
MPRegen  0.10/turn              l - ring of wizardry

@: no status effects
A: no striking features
a: Renounce Religion


You were on level 4 of the Dungeon.
You worshipped Beogh.
Beogh was noncommittal.
You were near starving.

You visited 1 branch of the dungeon, and saw 4 of its levels.

You collected 209 gold pieces.

Inventory:

Hand Weapons
 a - a +0 war axe (weapon)
Armour
 b - a +0 scale mail
 c - a +0 shield (worn)
 k - a +0 buckler
 q - a +0 scale mail
 v - a +2 ring mail of cold resistance (worn)
Jewellery
 j - a ring of see invisible (left hand)
 l - a ring of wizardry (right hand)
Wands
 s - a wand of digging (2)
Scrolls
 e - 3 scrolls of immolation
 h - 2 scrolls of fear {unknown}
 m - a scroll of amnesia {unknown}
 n - 4 scrolls of identify
 p - a scroll of blinking {unknown}
 r - 2 scrolls of teleportation
 t - 2 scrolls of enchant armour {unknown}
Potions
 d - a potion of might
 g - a potion of flight {unknown}
 i - 2 potions of degeneration
 o - a potion of haste {unknown}
 w - a potion of brilliance {unknown}
Comestibles
 f - 5 rations


   Skills:
 + Level 4.9 Fighting
 + Level 7.1 Axes
 + Level 5.6 Armour
 + Level 1.4 Dodging
 + Level 0.3 Stealth
 + Level 5.1 Shields


You had 6 spell levels left.
You didn't know any spells.

Dungeon Overview and Level Annotations

Branches:
Dungeon (4/15)             Temple (0/1) D:4

Altars:
Ashenzari
Fedhas
Gozag
Hepliaklqana
Sif Muna
Trog


Message History

Beogh accepts your kill.
You closely miss the orc priest.
The orc priest hits you with a whip of electrocution.
You hit the orc priest.
The orc priest is moderately wounded.
The orc priest hits you with a whip of electrocution.
You are electrocuted!
* * * LOW HITPOINT WARNING * * *
You are too injured to fight recklessly!
You are too injured to fight recklessly!
You are too injured to fight recklessly!
You are too injured to fight recklessly!
You are too injured to fight recklessly!
The orc priest mumbles some strange prayers to Beogh against you.
Pain shoots through your body!
* * * LOW HITPOINT WARNING * * *
The orc priest mumbles some strange prayers to Beogh against you.
Beogh smites you!
You die...
Beogh appreciates the orc priest's killing of a heretic priest.

#.###.#####.##....#
.## ##.# #.##....#
#)###.## #.......#
#..#(## ######.##
#.#.###### #.#
..##.....# #.#
..##.....# #.#
.........# #.#
.###.....# #@#
..##.....# #o#
..######## .Z. ..#
..... ### #.....#
#.....# ##...##
##.##


You could see an orc priest and a leopard gecko skeleton.

Vanquished Creatures
  Edmund (D:4)
  An ogre (D:4)
  A centaur (D:3)
  A scorpion (D:4)
  An orc priest (D:4)
  An orc wizard (D:3)
  3 bullfrog skeletons (D:4)
  A worker ant (D:4)
  10 gnolls
  5 adders
  2 oozes
  An adder skeleton (D:4)
  A worm (D:3)
  A dart slug (D:3)
  8 leopard geckos
  7 orcs
  11 bats
  3 giant cockroaches
  8 goblins
  A hobgoblin (D:1)
  6 jackals (D:2)
  3 quokkas
  A ball python (D:1)
  4 frilled lizards
  A jackal skeleton (D:4)
  12 kobolds
  6 rats
101 creatures vanquished.

Vanquished Creatures (others)
  An orc (D:3)
1 creature vanquished.

Grand Total: 102 creatures vanquished

Notes
Turn   | Place    | Note
-------+----------+-------------------------------------------
     0 | D:1      | tkdonut the Hill Orc Fighter began the quest for the Orb.
     0 | D:1      | Reached XP level 1. HP: 19/19 MP: 1/1
    90 | D:1      | Reached XP level 2. HP: 27/27 MP: 2/2
   355 | D:1      | Reached skill level 3 in Axes
   419 | D:1      | Reached XP level 3. HP: 33/33 MP: 3/3
  1030 | D:2      | Found a faded altar of an unknown god.
  1052 | D:2      | Became a worshipper of Sif Muna the Loreminder
  1052 | D:2      | Reached * piety under Sif Muna
  1053 | D:2      | Fell from the grace of Sif Muna
  1067 | D:2      | Reached XP level 4. HP: 24/40 MP: 4/4
  1258 | D:2      | Reached skill level 4 in Axes
  1687 | D:2      | Found an opulent altar of Gozag.
  1689 | D:2      | Found a hazy altar of Hepliaklqana.
  1691 | D:2      | Found a blossoming altar of Fedhas.
  2144 | D:3      | Reached XP level 5. HP: 46/46 MP: 5/5
  2162 | D:3      | Noticed a centaur
  2173 | D:3      | Killed a centaur
  2337 | D:3      | Found a shattered altar of Ashenzari.
  2339 | D:3      | Reached skill level 5 in Axes
  2419 | D:3      | Reached XP level 6. HP: 46/53 MP: 6/6
  2477 | D:3      | Found a bloodstained altar of Trog.
  2544 | D:3      | Became a worshipper of Beogh the Brigand
  2812 | D:3      | Found a deep blue altar of Sif Muna.
  2892 | D:3      | Reached skill level 1 in Dodging
  2957 | D:4      | Reached skill level 6 in Axes
  3009 | D:4      | Noticed Edmund
  3218 | D:4      | Killed Edmund
  3218 | D:4      | Reached skill level 5 in Armour
  3218 | D:4      | Reached XP level 7. HP: 17/60 MP: 7/7
  3445 | D:4      | Found a staircase to the Ecumenical Temple.
  3823 | D:4      | Reached skill level 7 in Axes
  4041 | D:4      | Reached skill level 5 in Shields
  4047 | D:4      | Killed from afar by an orc priest

Skill      XL: |  1  2  3  4  5  6  7 |
---------------+----------------------+-----
Fighting       | 4 |  4.9
Axes           | 3 4 5 6 7 |  7.1
Shields        | 4 5 |  5.1
Armour         | 4 5 |  5.6
Dodging        | 1 |  1.4
Stealth        | |  0.3

Action                   |  1- 3 |  4- 6 |  7- 9 || total
-------------------------+-------+-------+-------++-------
Melee: War axe           |   102 |   237 |    54 ||   393
Invok: Renounce Religion |     1 |       |       ||     1
       Convert to Beogh  |       |     1 |       ||     1
  Use: Scroll            |       |     5 |       ||     5
  Eat: Chunk             |       |     7 |     2 ||     9
Armor: Scale mail        |    75 |    80 |     2 ||   157
       Ring mail         |       |       |    12 ||    12
Dodge: Dodged            |    29 |    82 |     9 ||   120
Block: Shield            |    77 |   127 |    29 ||   233
